 Dungeon Crawl Stone Soup version 0.19-a0-1899-g2d93087 (webtiles) character file.

289 dobroeutro the Bolt Thrower (level 6, -11/38 HPs)
             Began as a Kobold Hunter on Oct 19, 2016.
             Was an Initiate of Okawaru.
             Mangled by an ice beast (12 damage)
             ... on level 5 of the Dungeon.
             The game lasted 00:06:18 (4026 turns).

dobroeutro the Bolt Thrower (Kobold Hunter)         Turns: 4026, Time: 00:06:19

Health: -11/38     AC:  7    Str: 11    XL:     6   Next: 58%
Magic:  0/6        EV: 15    Int: 12    God:    Okawaru [......]
Gold:   215        SH:  4    Dex: 16    Spells: 0 memorised, 5 levels left

rFire  . . .     SeeInvis .     b - +0 short sword
rCold  . . .     Gourm    .     l - +0 leather armour (curse)
rNeg   . . .     Faith    .     y - +0 buckler
rPois  .         Spirit   +     r - +2 hat
rElec  .         Reflect  .     A - +0 cloak
rCorr  .         Harm     .     j - +0 pair of gloves
MR     .....                    (no boots)
Stlth  ++........               m - amulet of guardian spirit
                                (no ring)
                                (no ring)

@: no status effects
A: carnivore 3
a: Renounce Religion


You were on level 5 of the Dungeon.
You worshipped Okawaru.
Okawaru was noncommittal.
You were not hungry.

You visited 1 branch of the dungeon, and saw 5 of its levels.

You collected 215 gold pieces.

Inventory:

Hand Weapons
 a - a +1 hand crossbow
 b - a +0 short sword (weapon)
Missiles
 d - 32 bolts
Armour
 j - a +0 pair of gloves (worn)
 l - a cursed +0 leather armour (worn)
 r - a +2 hat (worn)
 y - a +0 buckler (worn)
 A - a +0 cloak (worn)
Jewellery
 m - an amulet of guardian spirit (around neck)
 w - an uncursed amulet of harm {unknown}
Wands
 p - a wand of polymorph (1/24)
Scrolls
 h - 5 scrolls of identify {unknown}
 k - 2 scrolls of remove curse {unknown}
 o - 2 scrolls of immolation {unknown}
Potions
 c - a potion of brilliance {unknown}
 e - a potion of heal wounds {unknown}
 g - 2 potions of resistance {unknown}
 i - a potion of invisibility {unknown}
 n - 2 potions of might {unknown}
 q - 2 potions of lignification {unknown}
 s - a potion of ambrosia {unknown}
 u - a potion of degeneration {unknown}
 v - a potion of haste {unknown}
 x - a potion of flight {unknown}
Comestibles
 f - 3 meat rations
 t - a slice of pizza


   Skills:
 + Level 4.1 Fighting
 + Level 3.1 Short Blades
 + Level 6.4 Crossbows
 + Level 4.1 Dodging
 - Level 1.3 Stealth


You had 5 spell levels left.
You didn't know any spells.

Dungeon Overview and Level Annotations

Branches:
Dungeon (5/15)
 Temple: D:4-7

Altars:
Okawaru

Annotations:
D:4 dobroeutro's ghost, amateur CeHu


Innate Abilities, Weirdness & Mutations

You are small and have problems with some larger weapons.
You are carnivorous and can eat meat at any time.


Message History

You shoot a bolt. The bolt closely misses the ice beast.
The ice beast hits you. The ice beast freezes you!
* * * LOW HITPOINT WARNING * * *
You block the ice beast's attack.
You are too injured to fight recklessly!
You are too injured to fight recklessly!
You are too injured to fight recklessly!
You are too injured to fight recklessly!
You are too injured to fight recklessly!
Wield which item (- for none, * to show all)? (? for menu, Esc to quit)
b - a +0 short sword (weapon)
You hit the ice beast.
The ice beast is severely wounded.
The ice beast closely misses you.
You completely miss the ice beast.
The ice beast is severely wounded.
The ice beast hits you.
* * * LOW HITPOINT WARNING * * *
The ice beast freezes you!
You die...

.............#.#......#.
...........)...#(....... .
.#..................
......................
...##...##.###.##.....
................(....># .
.............###.##..### ...
...............#Y##..#.#....
...............#@##..#.#....
..........#...##.##.......#
.........##...............##
.........##...##.###........
.(...................#.##.##
.(#...##.##......###.#.##.####
.(............................
#.#....#.##.#.######.#.##.#######
#(#....#.##.#.######.#.##.<......


You could see an ice beast.

Vanquished Creatures
  A bullfrog (D:4)
  A jelly (D:3)
  A bullfrog skeleton (D:4)
  Terence (D:2)
  A worker ant (D:4)
  5 adders
  2 worms
  5 dart slugs
  6 orcs
  5 giant cockroaches
  7 goblins
  5 hobgoblins
  A jackal (D:3)
  2 quokkas (D:3)
  6 bats
  4 frilled lizards
  6 kobolds
  3 rats (D:3)
62 creatures vanquished.

Notes
Turn   | Place    | Note
-------+----------+-------------------------------------------
     0 | D:1      | dobroeutro the Kobold Hunter began the quest for the Orb.
     0 | D:1      | Reached XP level 1. HP: 12/12 MP: 1/1
   246 | D:1      | Reached skill level 5 in Crossbows
   449 | D:1      | Reached XP level 2. HP: 15/18 MP: 2/2
   918 | D:2      | Noticed Terence
  1203 | D:2      | Reached XP level 3. HP: 21/22 MP: 3/3
  1319 | D:2      | Killed Terence
  1319 | D:2      | Reached skill level 1 in Short Blades
  1347 | D:2      | Found an iron altar of Okawaru.
  1366 | D:2      | Became a worshipper of Warmaster Okawaru
  1498 | D:2      | Reached XP level 4. HP: 26/28 MP: 4/4
  1817 | D:3      | Reached XP level 5. HP: 24/32 MP: 3/5
  2370 | D:4      | Reached skill level 6 in Crossbows
  2445 | D:4      | Noticed dobroeutro's ghost (amateur CeHu)
  2570 | D:4      | Noticed a bullfrog
  2579 | D:4      | Killed a bullfrog
  2579 | D:4      | Reached XP level 6. HP: 36/38 MP: 4/6
  3540 | D:5      | Entered Level 5 of the Dungeon
  4003 | D:5      | Noticed an ice beast
  4026 | D:5      | HP: 1/38 [ice beast (3)]
  4026 | D:5      | Mangled by an ice beast

Vault maps used:
D:1:      minmay_arrival_up_and_down
D:2:      okawaru_ov_weapons_minmay, uniq_terence
D:3:      first_bread
D:4:      serial_bayou_pond_e, minivault_24
D:5:      serial_shops, kennysheep_mini_moat

Skill      XL: |  1  2  3  4  5  6 |
---------------+-------------------+-----
Crossbows      | 5 6 |  6.4
Fighting       | 3 4 |  4.1
Short Blades   | 1 3 |  3.1
Dodging        | 3 4 |  4.1
Stealth        | |  1.3

Action                   |  1- 3 |  4- 6 || total
-------------------------+-------+-------++-------
Melee: Short sword       |    92 |   262 ||   354
 Fire: Hand crossbow     |     8 |    11 ||    19
 Stab: Sleeping          |     2 |     5 ||     7
       Distracted        |       |     1 ||     1
  Eat: Chunk             |     1 |    10 ||    11
Armor: Leather armour    |    23 |    78 ||   101
Dodge: Dodged            |    85 |   190 ||   275
Block: Buckler           |       |    23 ||    23
